 Dungeon Crawl Stone Soup version 0.30-a0-1016-gfb0d676c02 (webtiles) character file.

Game seed: 18221419486745370503

898 jasper the Skirmisher (level 8, -1/48 HPs)
             Began as a Kobold Hunter on Apr 6, 2023.
             Slain by a vampire (12 damage)
             ... on level 5 of the Dungeon.
             The game lasted 00:06:16 (4436 turns).

jasper the Skirmisher (Kobold Hunter)               Turns: 4436, Time: 00:06:17

Health: -1/48      AC:  8    Str: 11    XL:     8   Next: 28%
Magic:  8/8        EV: 17    Int: 10    God:
Gold:   185        SH:  0    Dex: 18    Spells: 7/7 levels left

rFire   . . .      SeeInvis .    a - +1 shortbow (flame)
rCold   . . .      Faith    .    (shield currently unavailable)
rNeg    . . .      Spirit   .    j - +0 steam dragon scales
rPois   .          Reflect  .    (no helmet)
rElec   .          Rampage  .    l - +2 cloak {Will+}
rCorr   .                        (no gloves)
Will    +....                    (no boots)
Stlth   ++++                     (no amulet)
HPRegen 0.28/turn                (no ring)
MPRegen 0.11/turn                (no ring)

@: no status effects
A: small, no large weapons, nightstalker 3
a: no special abilities


You were on level 5 of the Dungeon.
You visited 1 branch of the dungeon, and saw 5 of its levels.

You collected 185 gold pieces.

Inventory:

Hand Weapons
 a - a +1 shortbow of flaming (weapon)
Missiles
 v - a throwing net
Armour
 c - a +0 leather armour
 i - a +1 cloak
 j - +0 steam dragon scales (worn)
 l - a +2 cloak of willpower (worn)
Jewellery
 r - a +6 ring of dexterity
Scrolls
 b - 2 scrolls of immolation
 k - a scroll of enchant armour
 p - a scroll of enchant weapon
 s - 2 scrolls of fog
Potions
 d - a potion of curing
 e - a potion of mutation
 f - 2 potions of berserk rage {unknown}
 g - 2 potions of invisibility {unknown}
 h - 4 potions of degeneration {unknown}
 m - 2 potions of magic
 n - a potion of brilliance {unknown}
 o - 2 potions of attraction {unknown}
 q - a potion of resistance {unknown}
 u - 2 potions of haste {unknown}


   Skills:
 + Level 4.6 Fighting
 * Level 8.9 Ranged Weapons
 + Level 2.8 Armour
 + Level 5.1 Dodging
 + Level 3.5 Stealth


You had 7 spell levels left.
You didn't know any spells.
Your spell library was empty.

Dungeon Overview and Level Annotations

Branches:
Dungeon (5/15)
 Temple: D:4-7

Altars:
Makhleb
Trog

Annotations:
D:5 2 runed translucent doors


Innate Abilities, Weirdness & Mutations

You are small and have problems with some larger weapons.
You are completely attuned to the shadows.


Message History

You shoot an arrow.
The arrow hits the vampire but does no damage.
The vampire is moderately damaged.
The vampire hits you. The vampire closely misses you.
You take 1 damage, and have 26/48 hp.
Fire: a) +1 shortbow (flame)
Press: ? - help, Q - select action, (/) - cycle Shift-Dir - straight line, f/p - vampire
Aim: a vampire (moderately damaged, 68% to hit)
You shoot an arrow. The arrow barely misses the vampire.
The vampire misses you. The vampire bites you.
The vampire draws strength from your injuries!
You take 4 damage, and have 22/48 hp.
Fire: a) +1 shortbow (flame)
Press: ? - help, Q - select action, (/) - cycle Shift-Dir - straight line, f/p - vampire
Aim: a vampire (lightly damaged, 68% to hit)
You shoot an arrow. The arrow hits the vampire.
The arrow burns the vampire.
The vampire is moderately damaged.
The vampire barely misses you. The vampire closely misses you.
Fire: a) +1 shortbow (flame)
Press: ? - help, Q - select action, (/) - cycle Shift-Dir - straight line, f/p - vampire
Aim: a vampire (moderately damaged, 68% to hit)
You shoot an arrow.
The arrow hits the vampire but does no damage.
The vampire is moderately damaged.
The vampire barely misses you.
The vampire bites you but does no damage.
Fire: a) +1 shortbow (flame)
Press: ? - help, Q - select action, (/) - cycle Shift-Dir - straight line, f/p - vampire
Aim: a vampire (moderately damaged, 68% to hit)
You shoot an arrow. The arrow hits the vampire.
The arrow burns the vampire.
The vampire is moderately damaged.
The vampire casts a spell.
The vampire flickers and vanishes!
Deactivating autopickup; reactivate with Ctrl-A.
Something hits you. Something bites you but does no damage.
You take 4 damage, and have 19/48 hp.
Something hits you!
* * * LOW HITPOINT WARNING * * *
Something bites you!
You die...

.##.# #...# ...###...##
#...>....# #..##.#..#####
######.......##... #.#
#............#..####### . #..
#.#####.###..#.##†#.'.##++ #...
###.# ..# #..#.#.#..#..... ....
....# .# ##.#@####.#.#######.#
#...# .# #.##....##.# ..#....
#...# #..######..#.#.#.#.# #...#
##.........##.#.#.#.. #...#
#.....#..####.#...... .......
.†##.###.##.#.##.#.#.#..
##....####.##.###....#.##........
.....................#........#..
.....# #.####.###.##.#†###.......


There were no monsters in sight!

Vanquished Creatures
  A steam dragon (D:5)
  A black bear (D:3)
  A phantom (D:4)
  2 scorpions
  4 hounds
  Crazy Yiuf (D:2)
  Natasha (thrice) (D:2)
  An iguana (D:4)
  10 adders
  4 gnolls
  A shadow imp (D:3)
  3 worms
  3 dart slugs
  3 orcs
  6 bats
  8 endoplasms
  2 giant cockroaches
  5 goblins
  7 hobgoblins
  7 jackals
  4 quokkas
  11 ball pythons
  4 frilled lizards
  5 kobolds
  3 rats
100 creatures vanquished.

Notes
Turn   | Place    | Note
-------+----------+-------------------------------------------
     0 | D:1      | jasper the Kobold Hunter began the quest for the Orb.
     0 | D:1      | Reached XP level 1. HP: 12/12 MP: 1/1
   139 | D:1      | Reached XP level 2. HP: 18/18 MP: 2/2
   521 | D:1      | Reached XP level 3. HP: 13/22 MP: 3/3
  1134 | D:2      | Found a burning altar of Makhleb.
  1161 | D:2      | Reached skill level 6 in Ranged Weapons
  1209 | D:2      | Reached skill level 1 in Armour
  1214 | D:2      | Noticed Natasha
  1218 | D:2      | Killed Natasha
  1219 | D:2      | Reached XP level 4. HP: 13/27 MP: 4/4
  1312 | D:2      | Noticed Natasha
  1319 | D:2      | Killed Natasha
  1320 | D:2      | Reached XP level 5. HP: 24/32 MP: 5/5
  1487 | D:2      | Noticed Natasha
  1495 | D:2      | Killed Natasha
  1583 | D:2      | Found a runed translucent door.
  1586 | D:2      | Noticed Crazy Yiuf
  1593 | D:2      | Killed Crazy Yiuf
  2354 | D:3      | Noticed a black bear
  2366 | D:3      | Killed a black bear
  2367 | D:3      | Reached skill level 7 in Ranged Weapons
  2367 | D:3      | Reached XP level 6. HP: 27/37 MP: 6/6
  2840 | D:3      | Found a bloodstained altar of Trog.
  3110 | D:4      | Reached XP level 7. HP: 42/42 MP: 7/7
  3343 | D:4      | Reached skill level 8 in Ranged Weapons
  4008 | D:4      | Found a burning altar of Makhleb.
  4040 | D:5      | Entered Level 5 of the Dungeon
  4131 | D:5      | Noticed a steam dragon
  4140 | D:5      | Killed a steam dragon
  4141 | D:5      | Reached XP level 8. HP: 38/48 MP: 8/8
  4222 | D:5      | Reached skill level 5 in Dodging
  4400 | D:5      | Found a large runed translucent door.
  4400 | D:5      | Found a large runed translucent door.
  4423 | D:5      | Noticed a vampire
  4436 | D:5      | Slain by a vampire

Illustrated notes

Levels and vault maps discovered:
D:1:      lightli_arrival_quake, layout_basic, minivault_11
D:2:      layout_rooms, basic_altar, serial_bayou_crossing, uniq_natasha,
          uniq_crazy_yiuf_cottage
D:3:      layout_basic, trog_book, serial_bayou_pond_e
D:4:      layout_loops_corners, lightli_temple_of_fire
D:5:      lemuel_castle_with_subvaults [lemuel_castle_interior_original],
          layout_basic, minmay_hollow_rounded_squares, uniq_sigmund

Skill      XL: |  1  2  3  4  5  6  7  8 |
---------------+-------------------------+-----
Ranged Weapons | 6 7 8 |  8.9
Dodging        | 3 4 5 |  5.1
Armour         | 1 2 |  2.8
Fighting       | 3 4 |  4.6
Stealth        | 3 |  3.5

Action                     |  1- 3 |  4- 6 |  7- 9 || total
---------------------------+-------+-------+-------++-------
   Fire: Shortbow          |    73 |   120 |    92 ||   285
    Use: Scroll            |     2 |     2 |     5 ||     9
 Armour: Leather armour    |     1 |    18 |     7 ||    26
         Steam dragon scal |       |       |     5 ||     5
  Dodge: Dodged            |    16 |    71 |    38 ||   125

Table legend: (Time is in decaauts)
 A = Elapsed time spent in this place.
 B = Non-inter-level travel time spent in this place.
 C = Inter-level travel time spent in this place.
 D = Time resting spent in this place.
 E = Time spent auto-exploring this place.
 F = Levels seen in this place.
 G = Mean time per level.
                   A        B        C        D        E       F      G
               +--------+--------+--------+--------+--------+-----+--------+
         Total |   4503 |   4297 |    206 |    283 |   3214 |   5 |  900.6 |
       Dungeon |   4503 |   4297 |    206 |    283 |   3214 |   5 |  900.6 |
               +--------+--------+--------+--------+--------+-----+--------+

Top non-repeatable levels by time:
     D:1: 1131 daAuts
     D:4: 1102 daAuts
     D:3: 1040 daAuts
     D:2: 860 daAuts
     D:5: 369 daAuts
